Map: Proxima Station LE

Players

VictoryTime - Winner!

  • Race: Zerg Zerg
  • League: Silver
  • Spawn Location: 1:00

eXile

  • Race: Zerg Zerg
  • Spawn Location: 7:00

VOD

Have the link to the VOD?

Description

Time

  • Played on: May 14, 2017, 7:49 p.m.
  • Length: 9:16
Show
View Real Time Build Order
Export as new Build Order

VictoryTime Zerg - Winner!

Build Orders: Pool First 

Get SALT Encoding   

  12  0:01  Drone  
  13  0:10  Drone  
  14  0:16  Overlord  
  14  0:35  Spawning Pool  
  14  0:39  Drone  
  14  0:43  Drone  
  14  0:45  Drone  
  16  0:52  Drone  
  17  1:13  Hatchery  
  16  1:19  Drone  
  16  1:24  Queen  
  19  1:38  Drone x3  
  22  2:01  Hatchery  
  21  2:08  Zergling x2  
  21  2:09  Overlord  
  22  2:24  Queen x2  
  26  2:39  Drone x3  
  26  2:40  Drone x2  
  26  2:43  Drone  
  32  2:53  Overlord  
  32  3:01  Extractor  
  32  3:08  Roach Warren  
  30  3:15  Zergling x10  
  30  3:16  Zergling x2  
  36  3:21  Zergling x4  
  36  3:26  Extractor  
  37  3:28  Zergling x2  
  37  3:29  Zergling x2  
  37  3:30  Extractor  
  38  3:43  Zergling x4  
  38  3:44  Zergling x2  
  39  4:09  Roach, Overlord  
  41  4:10  Overlord x2  
  41  4:19  Overlord  
  41  4:27  Queen x2  
  45  4:38  Roach  
  45  4:39  Drone, Roach x3  
  49  5:04  Roach x2  
  49  5:05  Roach x3  
  56  5:19  Drone x4  
  56  5:20  Drone  
  61  5:25  Extractor  
  61  5:28  Extractor  
  59  5:30  Metabolic Boost  
  59  5:40  Drone, Roach  
  59  5:41  Drone  
  62  6:01  Drone x2  
  62  6:02  Drone x5  
  62  6:03  Drone  
  70  6:14  Roach  
  71  6:21  Roach  
  71  6:22  Overlord  
  71  6:23  Overlord  
  73  6:29  Overlord  
  73  6:45  Drone x8  
  73  6:46  Drone  
  79  6:57  Roach x3  
  79  6:58  Roach  
  73  7:18  Roach x2  
  73  7:19  Roach x5  
  73  7:20  Roach  
  81  7:29  Lair  
  81  7:32  Roach x2  
  81  7:33  Drone  
  81  7:36  Drone  
  87  7:37  Evolution Chamber  
  87  7:38  Drone x2  
  88  7:49  Spore Crawler  
  87  7:51  Spore Crawler  
  87  7:53  Spore Crawler  
  85  8:09  Queen  
  85  8:12  Queen  
  89  8:17  Roach x4  
  95  8:39  Hydralisk Den  
  90  8:55  Overlord x3  
  90  8:56  Overlord x3  
Show
View Real Time Build Order
Export as new Build Order

eXile Zerg 

Build Orders: Hatch First 

Get SALT Encoding   

  12  0:01  Drone  
  13  0:16  Overlord  
  13  0:18  Drone  
  14  0:35  Drone x2  
  16  0:41  Drone  
  17  0:56  Hatchery  
  16  0:58  Drone  
  16  1:01  Extractor  
  16  1:04  Drone  
  17  1:19  Spawning Pool  
  17  1:25  Drone  
  17  1:27  Drone  
  18  1:44  Drone x2  
  20  1:53  Overlord  
  20  2:08  Metabolic Boost  
  20  2:09  Queen  
  20  2:11  Queen  
  25  2:15  Drone  
  25  2:18  Drone  
  26  2:26  Zergling x4  
  28  2:30  Zergling x4  
  30  2:43  Zergling x4  
  32  2:49  Queen  
  34  3:08  Baneling Nest, Zergling x4  
  34  3:09  Zergling x2  
  36  3:14  Overlord x2  
  36  3:21  Extractor  
  36  3:22  Drone  
  36  3:56  Drone  
  36  3:57  Drone x6  
  41  4:12  Baneling x3  
  40  4:19  Drone, Evolution Chamber  
  40  4:20  Drone x5  
  45  4:26  Extractor  
  45  4:27  Lair  
  45  4:28  Extractor  
  45  4:30  Extractor  
  40  4:51  Zergling x2  
  40  4:52  Zergling x14  
  43  5:16  Baneling x4  
  43  5:17  Baneling  
  43  5:33  Drone  
  43  5:34  Drone x5, Hatchery  
  43  5:35  Zergling x4  
  50  5:41  Spire  
  49  5:58  Queen  
  49  6:02  Drone  
  52  6:09  Overlord x2  
  52  6:10  Overlord x2  
  51  6:25  Spine Crawler  
  51  6:26  Spine Crawler  
  51  6:31  Zergling x16  
  51  6:55  Mutalisk x3  
  51  6:56  Mutalisk x3  
  48  7:12  Drone x7  
  48  7:13  Drone  
  47  7:26  Mutalisk x2  
  51  7:38  Mutalisk  
  52  7:50  Mutalisk  
  54  8:04  Zergling x10  
  54  8:05  Zergling x6  
  66  8:57  Drone x3  
Tags
 
Add a new tag
Caveats
  • Supply blocks, unpowered buildings, or Contaminate may cause inaccurate times.
  • Supply counts are checked every 10 seconds.